[Event "IIFL Wealth 4th Mumbai Open"]
[Site "Mumbai"]
[Date "2019.01.05"]
[Round "7"]
[White "Jain Adi"]
[Black "Dave Sneh"]
[Result "1/2-1/2"]
[ECO "E16"]
[WhiteElo "1545"]
[BlackElo "1873"]
[Annotator "NA"]
[PlyCount "158"]
[EventDate "2018.12.30"]
[EventType "swiss"]
[EventCountry "IND"]
[SourceTitle "playchess.com"]
[Source "ChessBase"]
[SourceQuality "1"]
[TimeControl "40/5400+30:1800+30"]

1. Nf3 Nf6 2. c4 e6 3. g3 b6 4. Bg2 Bb7 5. d4 Bb4+ 6. Bd2 Be7 7. O-O O-O 8. Nc3 d6 9. Qc2 Nbd7 10. Rac1 c5 11. Rfd1 a6 12. b3 Bxf3 13. Bxf3 cxd4 14. Ne4 Rc8 15. Bb4 d5 16. Nxf6+ Nxf6 17. Bxe7 Qxe7 18. Qb2 e5 19. Bxd5 b5 20. b4 Nxd5 21. cxd5 Rc4 22. Rxc4 bxc4 23. e3 c3 24. Qb3 Rc8 25. a3 h5 26. Qc2 Qf6 27. exd4 exd4 28. Qe4 g6 29. h4 Kf8 30. d6 Qxd6 31. Rxd4 Qf6 32. Rd1 c2 33. Rc1 Qc3 34. Qe3 Qb2 35. Qh6+ Kg8 36. Qd2 Qb3 37. Qe3 Qb2 38. Qd2 Kg7 39. a4 Rc4 40. Kh2 Rxb4 41. Rxc2 Qd4 42. Qxd4+ Rxd4 43. a5 Rd5 44. Ra2 Kf6 45. Kg2 Ke5 46. Kf3 f6 47. Ke3 g5 48. hxg5 fxg5 49. f4+ Kf5 50. fxg5 Kg4 51. Kf2 Kxg5 52. Ra4 Kf5 53. Ke3 Ke6 54. Re4+ Kf6 55. Rf4+ Kg5 56. Ra4 Rf5 57. Ke2 Kf6 58. Rf4 Rxf4 59. gxf4 Kf5 60. Kf3 h4 61. Kg2 Kxf4 62. Kh3 Kg5 63. Kh2 Kh5 64. Kh3 Kg5 65. Kh2 Kg4 66. Kg2 Kf4 67. Kh3 Ke3 68. Kxh4 Kd4 69. Kg3 Kc3 70. Kf3 Kb4 71. Ke2 Kxa5 72. Kd2 Kb4 73. Kc2 Ka3 74. Kb1 Kb3 75. Ka1 a5 76. Kb1 a4 77. Ka1 a3 78. Kb1 a2+ 79. Ka1 Ka3 1/2-1/2

[Event "IIFL Wealth 4th Mumbai Open"]
[Site "Mumbai"]
[Date "2019.01.05"]
[Round "7"]
[White "Awade Pradeep"]
[Black "Sadbhav Rautela"]
[Result "1-0"]
[ECO "B30"]
[WhiteElo "1538"]
[BlackElo "1800"]
[Annotator "NA"]
[PlyCount "49"]
[EventDate "2018.12.30"]
[EventType "swiss"]
[EventCountry "IND"]
[SourceTitle "playchess.com"]
[Source "ChessBase"]
[SourceQuality "1"]
[TimeControl "40/5400+30:1800+30"]

1. e4 c5 2. Nf3 Nc6 3. g3 d6 4. h3 Nf6 5. d3 Bd7 6. Bg2 g6 7. O-O Bg7 8. Nbd2 O-O 9. Nh4 Qc7 10. Re1 e5 11. Nf1 b5 12. c4 Nd4 13. Ne3 Rab8 14. Nf3 bxc4 15. dxc4 Qa5 16. Nxd4 cxd4 17. Nd5 Nxd5 18. exd5 Rfc8 19. b3 Qc5 20. g4 a5 21. Qd3 f5 22. f3 Rf8 23. Bd2 f4 24. Kh1 g5 25. Bf1 1-0